 Dungeon Crawl Stone Soup version 0.29-a0-384-g6960b1960d (webtiles) character file.

Game seed: 5573966348157906309

163 happo123 the Ruffian (level 5, 53/53 HPs)
             Began as a Troll Berserker on May 6, 2022.
             Was a Believer of Trog.
             Quit the game on level 3 of the Dungeon.
             The game lasted 00:06:10 (1696 turns).

happo123 the Ruffian (Troll Berserker)              Turns: 1696, Time: 00:06:10

Health: 53/53      AC:  4    Str: 27    XL:     5   Next: 20%
Magic:  4/4        EV: 10    Int:  3    God:    Trog [**....]
Gold:   101        SH:  0    Dex:  9    Spells: 4/4 levels left

rFire   . . .      SeeInvis .     - Unarmed
rCold   . . .      Faith    .   (no shield)
rNeg    . . .      Spirit   .   a - +0 animal skin
rPois   .          Reflect  .   (helmet restricted)
rElec   .          Harm     .   (no cloak)
rCorr   .          Rampage  .   (gloves unavailable)
Will    .....                   (boots unavailable)
Stlth   +.........              (no amulet)
HPRegen 0.97/turn               (no ring)
MPRegen 0.09/turn               (no ring)

@: no status effects
A: large, unfitting armour, claws 3, regeneration 1, shaggy fur 1, tough skin 1
a: Renounce Religion, Berserk, Trog's Hand


You were on level 3 of the Dungeon.
You worshipped Trog.
Trog was pleased with you.
You visited 1 branch of the dungeon, and saw 3 of its levels.

You collected 101 gold pieces.

Inventory:

Hand Weapons
 f - a +4 dagger of venom
Armour
 a - a +0 animal skin (worn)
Jewellery
 e - an amulet of magic regeneration
 l - a +6 ring of intelligence
 m - a ring of fire
Scrolls
 b - 2 scrolls of blinking {unknown}
 c - 5 scrolls of identify {unknown}
 i - 2 scrolls of teleportation {unknown}
 n - a scroll of poison {unknown}
Potions
 d - 2 potions of brilliance {unknown}
 g - 3 potions of haste {unknown}
 h - a potion of heal wounds {unknown}
 j - a potion of berserk rage {unknown}
 k - a potion of attraction {unknown}


   Skills:
 + Level 3.1 Fighting
 + Level 3.1 Dodging
 + Level 0.1 Stealth
 + Level 4.7 Unarmed Combat


You had 4 spell levels left.
You didn't know any spells.
Your spell library was empty.

Dungeon Overview and Level Annotations

Branches:
Dungeon (3/15)

Altars:


Innate Abilities, Weirdness & Mutations

You are too large for most types of armour.
You have claws for hands.
Your natural rate of healing is unusually fast.
You are covered in fur. (AC +1)
You have tough skin. (AC +1)


Message History

You scratch the jackal.
The jackal is severely wounded.
The jackal bites you.
You claw the jackal!
You kill the jackal!
Trog accepts your kill.
Things that are here:
a jackal corpse; a jackal corpse You see here a jackal corpse.
You see here a +0 robe.
Found a quarterstaff.
You now have 89 gold pieces (gained 14).
An endoplasm comes into view.
The endoplasm quivers.
The endoplasm freezes you.
You are frozen.
You scratch the endoplasm.
The endoplasm is lightly wounded.
The endoplasm hits you but does no damage.
You claw the endoplasm!
You kill the endoplasm!
Trog accepts your kill.
You now have 101 gold pieces (gained 12).
You see here a +0 quarterstaff.
Found a stone staircase leading down.
i - 2 scrolls labelled BIUPTO FIGIL (gained 1)
A bat comes into view.
Found a scroll labelled XUAQAUPINU.
The bat barely misses you. The bat hits you but does no damage.
The bat barely misses you.
You scratch the bat.
The bat is heavily wounded.
The bat closely misses you. x2
You claw the bat!
You kill the bat!
Trog accepts your kill.
c - 5 scrolls labelled XUAQAUPINU (gained 1) Done exploring.
Are you sure you want to abandon this character and quit the game? (Confirm with "yes".)

#....###...###
#..†.##.......
#....##.......
#######.###.....##
#...............##
#........#........
#........####.#...
#.................
#@..........#.#...
#######...........
#........##.
#...........
#........##.
##........##.
#.........##.
##.........##.
#...........#.


There were no monsters in sight!

Vanquished Creatures
  A scorpion (D:2)
  Jessica (D:3)
  An adder (D:2)
  A dart slug (D:2)
  4 orcs (D:2)
  11 endoplasms
  6 giant cockroaches
  2 goblins (D:1)
  6 hobgoblins
  4 jackals (D:3)
  2 kobolds (D:1)
  2 quokkas (D:1)
  7 ball pythons
  6 bats
  2 frilled lizards
  5 rats
61 creatures vanquished.

Notes
Turn   | Place    | Note
-------+----------+-------------------------------------------
     0 | D:1      | happo123 the Troll Berserker began the quest for the Orb.
     0 | D:1      | Reached XP level 1. HP: 22/22 MP: 0/0
   185 | D:1      | Reached XP level 2. HP: 29/29 MP: 1/1
   759 | D:2      | Reached XP level 3. HP: 36/36 MP: 2/2
   804 | D:2      | Reached ** piety under Trog
   853 | D:2      | Noticed a scorpion
   862 | D:2      | Killed a scorpion
   863 | D:2      | Reached skill level 4 in Unarmed Combat
   863 | D:2      | Reached XP level 4. HP: 26/45 MP: 3/3
  1284 | D:3      | Noticed Jessica
  1289 | D:3      | Killed Jessica
  1290 | D:3      | Reached XP level 5. HP: 52/53 MP: 4/4
  1696 | D:3      | Quit the game

Illustrated notes

Levels and vault maps discovered:
D:1:      dpeg_arrival_houses_and_road, layout_basic
D:2:      layout_basic
D:3:      layout_rooms, serial_glass, glass_columns_a, glass_columns_a,
          minmay_hedge_maze, minivault_23, uniq_jessica

Skill      XL: |  1  2  3 |
---------------+----------+-----
Fighting       | 3 |  3.1
Dodging        | 3 |  3.1
Unarmed Combat | 4 |  4.7
Stealth        | |  0.1

Action                   |  1- 3 |  4- 6 || total
-------------------------+-------+-------++-------
Melee: Unarmed           |    69 |    63 ||   132
       Punch             |       |     1 ||     1
Armor: Animal skin       |    15 |    20 ||    35
Dodge: Dodged            |    38 |    29 ||    67

Table legend: (Time is in decaauts)
 A = Elapsed time spent in this place.
 B = Non-inter-level travel time spent in this place.
 C = Inter-level travel time spent in this place.
 D = Time resting spent in this place.
 E = Time spent auto-exploring this place.
 F = Levels seen in this place.
 G = Mean time per level.
                   A        B        C        D        E       F      G
               +--------+--------+--------+--------+--------+-----+--------+
         Total |   1692 |   1496 |    196 |      0 |   1171 |   3 |  564.0 |
       Dungeon |   1692 |   1496 |    196 |      0 |   1171 |   3 |  564.0 |
               +--------+--------+--------+--------+--------+-----+--------+

Top non-repeatable levels by time:
     D:1: 749 daAuts
     D:2: 525 daAuts
     D:3: 416 daAuts
